 Dungeon Crawl Stone Soup version 0.18.1-48-g4cf74bf (webtiles) character file.

396 Raiden350 the Sneak (level 6, -2/28 HPs)
             Began as a Spriggan Enchanter on July 2, 2016.
             Killed from afar by an orc wizard (8 damage)
             ... with a magic dart
             ... on level 4 of the Dungeon.
             The game lasted 00:25:12 (4259 turns).

Raiden350 the Sneak (Spriggan Enchanter)            Turns: 4259, Time: 00:25:13

Health: -2/28      AC:  7    Str:  4    XL:     6   Next: 52%
Magic:  3/11       EV: 20    Int: 16    God:
Gold:   183        SH:  0    Dex: 19    Spells: 2 memorised, 7 levels left

rFire  . . .     SeeInvis +     a - +2 dagger
rCold  . . .     Gourm    .     b - +2 robe
rNeg   . . .     Faith    .     (shield restricted)
rPois  .         Spirit   .     (helmet restricted)
rElec  .         Dismiss  .     g - +2 cloak {+Inv}
rCorr  .         Reflect  .     (gloves unavailable)
SustAt .         Harm     .     (boots unavailable)
MR     +....                    (no amulet)
Stlth  ++++......               (no ring)
                                (no ring)

@: very slightly contaminated, invisible, very quick, somewhat resistant to
hostile enchantments, stealthy
A: unfitting armour, see invisible, herbivore 3, speed 3, screaming 1, slow
metabolism 2
a: Turn Visible


You were on level 4 of the Dungeon.
You were not hungry.

You visited 1 branch of the dungeon, and saw 4 of its levels.

You collected 183 gold pieces.

Inventory:

Hand Weapons
 a - a +2 dagger (weapon)
 q - a +3 quarterstaff
Armour
 b - a +2 robe (worn)
 g - a +2 cloak of invisibility (worn)
Scrolls
 f - 2 scrolls of remove curse
 h - a scroll of identify
 j - a scroll of enchant weapon
 o - a scroll of teleportation
 p - 2 scrolls of enchant armour
Potions
 e - 2 potions of magic
 r - a potion of heal wounds
 s - a potion of flight
Books
 c - a book of Maledictions

   Spells                             Type                      Level
   a - Corona                         Hexes                        1
   b - Ensorcelled Hibernation        Hexes/Ice                    2
   c - Confuse                        Hexes                        3
   d - Tukima's Dance                 Hexes                        3
   e - Dazzling Spray                 Conjuration/Hexes            3
Comestibles
 d - a bread ration
 k - a slice of pizza


   Skills:
 - Level 5.4 Short Blades
 + Level 4.5 Dodging
 - Level 6.4 Stealth
 - Level 3.2 Spellcasting
 - Level 3.7 Hexes
 - Level 2.2 Evocations


You had 7 spell levels left.
You knew the following spells:

 Your Spells              Type           Power        Failure   Level  Hunger
a - Corona                Hex            ##.....      4%          1    None
b - Tukima's Dance        Hex            ##......     12%         3    ###....


Dungeon Overview and Level Annotations

Branches:
Dungeon (4/15)             Temple (0/1) D:4

Altars:
Elyvilon
Fedhas
Zin
The Shining One


Innate Abilities, Weirdness & Mutations

You are tiny and cannot use many weapons and most armour.
You have supernaturally acute eyesight.
You are a herbivore.
You cover ground extremely quickly.
You need consume almost no food.
You occasionally shout uncontrollably at your foes.


Message History

You hit the orc wizard but do no damage.
The orc priest completely misses you. The orc wizard casts a spell at you.
The puff of frost hits you!
* * * LOW HITPOINT WARNING * * *
The orc wizard casts a spell.
The orc wizard seems to speed up.
Things that are here:
a chain mail; an orc corpse
Casting: Corona
Confirm with . or Enter, or press ? or * to list all spells.
Okay, then.
You fade into invisibility!
You are very lightly contaminated with residual magic.
You feel somewhat more hungry.
The orc wizard casts a spell.
The orc wizard flickers and vanishes for a moment.
The orc wizard casts a spell at you. The magic dart hits you!
You die...

###.###..###.......*
..............##****
########.###.o####
#.#*#.o[o.#
#..,#.###o# ###.#.#
#.# **.#.# #.#
#.,#.# #[# #.##.#
#@# #.##.# #.###
#.##<# #...# #.##.#
###.# #.##.# #.#
##.##)# #.#
######..)#)# #.#
###........))# #.#
....####...### #.#


You could see an orc wizard (invisible) and an orc (wandering).

Vanquished Creatures
  A gnoll shaman (D:4)
  2 orc priests (D:4)
  An orc wizard (D:4)
  Ijyb (D:2)
  7 gnolls
  7 adders
  2 oozes
  A worm (D:3)
  3 dart slugs
  5 giant geckos
  16 orcs
  2 ball pythons
  3 bats
  2 giant cockroaches
  6 goblins
  4 hobgoblins
  6 jackals
  3 kobolds
  8 quokkas
  6 giant newts
  13 rats
99 creatures vanquished.

Vanquished Creatures (others)
  3 dancing weapons (D:4)
3 creatures vanquished.

Grand Total: 102 creatures vanquished

Notes
Turn   | Place    | Note
--------------------------------------------------------------
     0 | D:1      | Raiden350 the Spriggan Enchanter began the quest for the Orb.
     0 | D:1      | Reached XP level 1. HP: 9/9 MP: 5/5
   295 | D:1      | Reached XP level 2. HP: 13/13 MP: 6/6
   413 | D:1      | Reached skill level 5 in Stealth
   983 | D:2      | Reached XP level 3. HP: 16/16 MP: 8/8
  1124 | D:2      | Noticed Ijyb
  1137 | D:2      | Killed Ijyb
  1137 | D:2      | Reached skill level 6 in Stealth
  1137 | D:2      | Reached XP level 4. HP: 14/21 MP: 7/9
  1394 | D:2      | Found a blossoming altar of Fedhas.
  1567 | D:2      | Reached skill level 1 in Evocations
  2058 | D:3      | Reached XP level 5. HP: 24/24 MP: 10/10
  2797 | D:3      | Found a white marble altar of Elyvilon.
  2798 | D:3      | Found a glowing silver altar of Zin.
  2799 | D:3      | Found a glowing golden altar of the Shining One.
  3054 | D:4      | Learned a level 3 spell: Tukima's Dance
  3226 | D:3      | Gained mutation: You occasionally shout uncontrollably at your foes. [mutagenic glow]
  3420 | D:4      | Reached XP level 6. HP: 28/28 MP: 4/11
  3662 | D:4      | Reached skill level 5 in Short Blades
  4259 | D:4      | Killed from afar by an orc wizard

Skill      XL: |  1  2  3  4  5  6 |
---------------+-------------------+-----
Stealth        | 5 6 |  6.4
Short Blades   | 2 3 4 5 |  5.4
Evocations     | 1 2 |  2.2
Dodging        | 4 |  4.5
Spellcasting   | 3 |  3.2
Hexes          | |  3.7

Action                   |  1- 3 |  4- 6 || total
-------------------------+-------+-------++-------
Melee: Dagger            |   138 |   347 ||   485
 Cast: Tukima's Dance    |       |     8 ||     8
       Corona            |       |     7 ||     7
 Abil: Evoke Invisibilit |     2 |     9 ||    11
  Use: Potion            |     1 |     6 ||     7
       Scroll            |       |    11 ||    11
 Stab: Sleeping          |     7 |    18 ||    25
       Invisible         |     5 |    19 ||    24
  Eat: Bread ration      |       |     2 ||     2
Armor: Robe              |    26 |    28 ||    54
Dodge: Dodged            |   128 |   251 ||   379
